 Dungeon Crawl Stone Soup version 0.25.1-2-g60ff931df9 (webtiles) character file.

Game seed: 16095992837579211955

660 DearestLeader the Ducker (level 7, -3/55 HPs)
             Began as a Demonspawn Gladiator on Oct 6, 2020.
             Slain by an ogre
             ... wielding a +0 giant club
              (16 damage)
             ... on level 7 of the Dungeon.
             The game lasted 00:07:36 (5819 turns).

DearestLeader the Ducker (Demonspawn Gladiator)     Turns: 5819, Time: 00:07:37

Health: -3/55      AC:  6    Str: 16    XL:     7   Next: 30%
Magic:  0/7        EV: 12    Int: 11    God:
Gold:   221        SH:  0    Dex: 15    Spells: 6/6 levels left

rFire    . . .     SeeInvis .   g - +2 short sword (venom)
rCold    + . .     Gourm    .   (no shield)
rNeg     . . .     Faith    .   k - +0 scale mail
rPois    .         Spirit   +   (helmet restricted)
rElec    .         Reflect  .   (no cloak)
rCorr    .         Harm     .   (no gloves)
MR       .....                  (no boots)
Stlth    ..........             l - amulet of guardian spirit
HPRegen  0.18/turn              (no ring)
MPRegen  0.10/turn              (no ring)

@: lightly drained
A: antennae 2, clever 1, cold resistance 1, deterioration 1, high mp 1,
MP-powered wands
a: no special abilities


You were on level 7 of the Dungeon.
You were hungry.

You visited 1 branch of the dungeon, and saw 7 of its levels.

You collected 221 gold pieces.

Inventory:

Hand Weapons
 a - a +0 trident
 g - a +2 short sword of venom (weapon)
Missiles
 d - 3 throwing nets
 m - 24 poisoned darts (quivered)
Armour
 b - a +0 leather armour
 c - a +0 helmet
 k - a +0 scale mail (worn)
Jewellery
 l - an amulet of guardian spirit (around neck)
Wands
 i - a wand of acid (6)
 v - a wand of disintegration (8)
Scrolls
 e - 2 scrolls of immolation
 h - a scroll of blinking
 j - 2 scrolls of teleportation
 n - a scroll of fear {unknown}
Potions
 o - a potion of berserk rage
 p - a potion of stabbing {unknown}
 s - a potion of might {unknown}
Comestibles
 f - 5 rations


   Skills:
 + Level 4.8(4.7) Fighting
 - Level 3.0(2.9) Polearms
 - Level 1.7(1.6) Throwing
 + Level 3.7(3.6) Armour
 + Level 5.1(5.0) Dodging


You had 6 spell levels left.
You didn't know any spells.
Your spell library was empty.

Dungeon Overview and Level Annotations

Branches:
Dungeon (7/15)
 Temple: D:4-7

Altars:
Makhleb
Wu Jian
Xom

Annotations:
D:2 1 runed translucent door, Crazy Yiuf
D:6 Eustachio


Innate Abilities, Weirdness & Mutations

You have a pair of antennae on your head.
Your flesh is cold resistant. (rC+)
Your mind is acute. (Int +2)
Your body sometimes deteriorates upon taking damage.
You have an increased reservoir of magic. (+10% MP)
You expend magic power (3 MP) to strengthen your wands.


Message History

The orc closely misses you.
You hit the orc.
You kill the orc!
The ogre closely misses you.
You hit the ogre.
The ogre is lightly wounded.
The ogre hits you with a +0 giant club!!
* * * LOW HITPOINT WARNING * * *
You hit the ogre.
The ogre is poisoned.
The ogre is lightly wounded.
You hit the ogre but do no damage.
The ogre looks as sick as possible!
The ogre is lightly wounded.
The ogre barely misses you.
You hit the ogre.
The ogre looks as sick as possible!
The ogre is severely wounded.
The ogre completely misses you.
You hit the ogre.
The ogre looks as sick as possible!
The ogre is severely wounded.
The ogre hits you with a +0 giant club!!
You die...

#...#.......#
#...#.......#
#...'.......#
#...#.........
+...########.....+
#..........#.....#
#...##.....#.....#
##+###.....#.....#
#..@O..)...#.....#
#...###)####.....#
#...#............#
#...#.......)....#
#...#............#
#...#............+
#...#............#
##+##............#
....#######.....


You could see an ogre (extremely poisoned).

Vanquished Creatures
  A centaur (D:7)
  A bullfrog (D:3)
  4 orc priests
  Natasha (thrice) (D:2)
  An iguana (D:4)
  2 orc wizards
  3 worker ants
  6 adders
  A shadow imp (D:5)
  2 oozes
  2 worms
  4 dart slugs
  A leopard gecko (D:3)
  9 orcs
  6 giant cockroaches
  6 goblins
  6 hobgoblins
  6 jackals
  5 kobolds
  3 quokkas
  A ball python (D:3)
  9 bats
  2 frilled lizards
  A quokka skeleton (D:4)
  6 rats
91 creatures vanquished.

Notes
Turn   | Place    | Note
-------+----------+-------------------------------------------
     0 | D:1      | DearestLeader the Demonspawn Gladiator began the quest for
                  | the Orb.
     0 | D:1      | Reached XP level 1. HP: 16/16 MP: 1/1
   168 | D:1      | Reached skill level 3 in Dodging
   276 | D:1      | Gained mutation: Your flesh is cold resistant. (rC+)
                  | [demonic ancestry]
   276 | D:1      | Reached XP level 2. HP: 19/22 MP: 2/2
   391 | D:1      | You fall into a shaft and drop 1 floor!
   435 | D:2      | Noticed Natasha
   932 | D:1      | Reached XP level 3. HP: 28/28 MP: 3/3
  1893 | D:2      | Killed Natasha
  1893 | D:2      | Reached skill level 1 in Armour
  1893 | D:2      | Reached XP level 4. HP: 34/34 MP: 4/4
  1960 | D:2      | Noticed Natasha
  1968 | D:2      | Killed Natasha
  2117 | D:2      | Noticed Natasha
  2124 | D:2      | Killed Natasha
  2287 | D:2      | Found a runed translucent door.
  2288 | D:2      | Noticed Crazy Yiuf
  2498 | D:2      | Gained mutation: You have a pair of small antennae on your
                  | head. [demonic ancestry]
  2498 | D:2      | Reached XP level 5. HP: 40/41 MP: 3/5
  2713 | D:3      | Found a faded altar of an unknown god.
  2916 | D:3      | Reached skill level 4 in Dodging
  3787 | D:4      | Reached XP level 6. HP: 25/48 MP: 2/6
  4647 | D:4      | Found a burning altar of Makhleb.
  4920 | D:5      | Entered Level 5 of the Dungeon
  5000 | D:5      | Found the amulet of the Air {Inacc +Fly rElec EV+5 RMsl}
  5011 | D:5      | Found an ornate altar of the Wu Jian Council.
  5011 | D:5      | Found a shimmering altar of Xom.
  5084 | D:5      | Noticed a sky beast
  5217 | D:6      | Noticed Eustachio
  5229 | D:7      | Gained mutation: Your mind is acute. (Int +2) [potion of
                  | mutation]
  5229 | D:7      | Gained mutation: Your body sometimes deteriorates upon
                  | taking damage. [potion of mutation]
  5229 | D:7      | Gained mutation: You expend magic power (3 MP) to
                  | strengthen your wands. [potion of mutation]
  5229 | D:7      | Gained mutation: You have an increased reservoir of magic.
                  | (+10% MP) [potion of mutation]
  5250 | D:7      | Gained mutation: You have a pair of antennae on your head.
                  | [demonic ancestry]
  5250 | D:7      | Reached XP level 7. HP: 21/55 MP: 2/7
  5500 | D:7      | Reached skill level 5 in Dodging
  5819 | D:7      | Slain by an ogre

Illustrated notes

Levels and vault maps discovered:
D:1:      matt_arrival_spirals, layout_loops_corners
D:2:      layout_basic, first_ration, minivault_11, uniq_natasha,
          uniq_crazy_yiuf_cottage
D:3:      layout_basic, chequers_ecumenical_altar_simple_redux
D:4:      layout_loops_ring, lemuel_coloured_pillars_altar
D:5:      layout_basic, gammafunk_temple_overflow_statue, temple_statues
D:6:      minmay_angry_zag, layout_loops_ring, overflow_temple_1_default,
          uniq_eustachio, uniq_prince_ribbit1
D:7:      layout_gridville

Skill      XL: |  1  2  3  4  5  6  7 |
---------------+----------------------+-----
Polearms       | 3 |  3.0
Dodging        | 3 4 5 |  5.1
Armour         | 1 2 3 |  3.7
Fighting       | 3 4 |  4.8
Throwing       | |  1.7

Action                   |  1- 3 |  4- 6 |  7- 9 || total
-------------------------+-------+-------+-------++-------
Melee: Trident           |   112 |       |       ||   112
       Short sword       |    12 |   175 |    34 ||   221
  Use: Scroll            |       |     7 |       ||     7
       Potion            |       |     6 |       ||     6
  Eat: Chunk             |     3 |    10 |     2 ||    15
Armor: Leather armour    |    14 |       |       ||    14
       Scale mail        |    29 |    64 |     7 ||   100
Dodge: Dodged            |    72 |   117 |    24 ||   213
